 Dungeon Crawl Stone Soup version 0.24.0-1-gfbc8707122 (webtiles) character file.

Game seed: 11029629354915305395, levelgen mode: deterministic

2157 stripedtigrrr the Cleaver (level 9, -2/79 HPs)
             Began as a Minotaur Berserker on Oct 26, 2019.
             Was a Priest of Trog.
             Slain by an unseen horror (6 damage)
             ... on level 7 of the Dungeon.
             The game lasted 00:36:10 (7076 turns).

stripedtigrrr the Cleaver (Minotaur Berserker)      Turns: 7076, Time: 00:36:11

Health: -2/79      AC: 14    Str: 23    XL:     9   Next: 10%
Magic:  8/8        EV:  6    Int:  4    God:    Trog [***...]
Gold:   337        SH: 14    Dex: 12    Spells: 8/8 levels left

rFire    . . .     SeeInvis .   k - +0 war axe
rCold    . . .     Gourm    .   f - +0 shield
rNeg     + + .     Faith    .   H - +0 plate armour
rPois    .         Spirit   .   (helmet restricted)
rElec    .         Reflect  +   (no cloak)
rCorr    .         Harm     .   (no gloves)
MR       .....                  I - +1 pair of boots
Stlth    ..........             r - +4 amulet of reflection
HPRegen  0.23/turn              G - ring of positive energy
MPRegen  0.11/turn              v - ring of positive energy

@: no status effects
A: retaliatory headbutt, horns 2
a: Berserk, Trog's Hand, Renounce Religion


You were on level 7 of the Dungeon.
You worshipped Trog.
Trog was most pleased with you.
You were not hungry.

You visited 2 branches of the dungeon, and saw 8 of its levels.

You collected 337 gold pieces.

Inventory:

Hand Weapons
 a - a +0 hand axe
 k - a +0 war axe (weapon)
 x - a +1 trident of freezing
 F - the +6 hunting sling of Extermination {speed, rC- rN++, unknown}
   (You found it on level 5 of the Dungeon)

   Attacks with this weapon are significantly faster.
   It makes you vulnerable to cold.
   It greatly protects you from negative energy.
Missiles
 e - 147 sling bullets
 j - 86 stones (quivered)
 n - a throwing net
Armour
 f - a +0 shield (worn)
 H - a +0 plate armour (worn)
 I - a +1 pair of boots (worn)
Jewellery
 p - an uncursed ring of resist corrosion
 r - a +4 amulet of reflection (around neck)
 v - a ring of positive energy (right hand)
 G - a ring of positive energy (left hand)
Wands
 b - a wand of disintegration (7)
 q - a wand of random effects (22)
Scrolls
 y - a scroll of enchant armour
Potions
 d - a potion of flight
 g - a potion of brilliance
 i - a potion of might
 l - a potion of lignification {unknown}
 m - a potion of berserk rage {unknown}
 o - 2 potions of ambrosia
 s - a potion of invisibility {unknown}
 z - a potion of agility {unknown}
 B - a potion of resistance {unknown}
Comestibles
 c - 11 rations


   Skills:
 + Level 7.1 Fighting
 * Level 10.8 Axes
 + Level 0.4 Throwing
 + Level 4.6 Armour
 + Level 4.3 Dodging
 - Level 0.7 Stealth
 + Level 4.9 Shields


You had 8 spell levels left.
You didn't know any spells.
Your spell library was empty.

Dungeon Overview and Level Annotations

Branches:
Dungeon (7/15)             Temple (1/1) D:4

Altars:
Ashenzari
Dithmenos
Elyvilon
Fedhas
Gozag
Hepliaklqana
Kikubaaqudgha
Makhleb
Nemelex Xobeh
Okawaru
Qazlal
Ru
Sif Muna
Uskayaw
Vehumet
Xom
Yredelemnul
Zin
The Shining One

Annotations:
D:1 exclusion: 2 downstairs


Innate Abilities, Weirdness & Mutations

You reflexively headbutt those who attack you in melee.
You have a pair of horns on your head.


Message History

You block something's attack.
You swing at nothing.
Something hits you.
* * * LOW HITPOINT WARNING * * *
You swing at nothing.
You block something's attack. x2
Your shield and plate armour prevent you from hitting something.
Something hits you but does no damage. Something hits you.
* * * LOW HITPOINT WARNING * * *
You swing at nothing.
Something hits you but does no damage. x2
You closely miss something. Something hits you but does no damage.
You swing at nothing.
Something hits you but does no damage.
You closely miss something.
Something hits you but does no damage. x2
You swing at nothing.
Something hits you.
* * * LOW HITPOINT WARNING * * *
You swing at nothing.
You block something's attack.
You swing at nothing.
Something hits you but does no damage.
You swing at nothing.
Something hits you!
* * * LOW HITPOINT WARNING * * *
Something hits you but does no damage.
You barely miss something. Something hits you.
You die...

**,,,,,,,,*,,,,,,##############..
*,,,,,,,..#....,,* #..
*,,,,,.,,......,,* #..
*,**#,,.##....#*** ##########
*.###.,,......# #[........
*,....,,*#....# ####.#######.
**,,...,*#....# #......# #.
*,**#.###....#######......# ###
*,* #...#......@..........# #..
**,* ###.#....########.#.######.#
,,,* #.#.............#........#
**** #†...#.#########.........#
**###.####* ##.......##
*,,#...#,,* ##.##...##
*,,#...#,,* #..#'#.## *,*#...#*,*
##.+_+.## **,.###..#* ###'#.##


There were no monsters in sight!

Vanquished Creatures
  Grinder (D:4)
  Sigmund (D:2)
  An orc warrior (D:6)
  2 phantoms (D:6)
  An ogre (D:6)
  A centaur (D:7)
  3 bullfrogs (D:7)
  A water moccasin zombie (D:5)
  A scorpion (D:7)
  5 crimson imps
  2 hounds
  4 orc priests
  A bullfrog zombie (D:6)
  A centaur skeleton (D:4)
  2 gnoll shamans
  A jelly (D:6)
  3 orc wizards
  Jessica (D:2)
  3 iguanas
  A worker ant (D:4)
  12 gnolls
  14 adders
  2 shadow imps
  3 worms
  4 dart slugs
  3 leopard geckos
  15 orcs
  13 giant cockroaches
  3 goblins
  2 hobgoblins (D:1)
  2 jackals (D:5)
  7 kobolds
  3 quokkas
  14 bats
  5 frilled lizards
  A leopard gecko skeleton (D:5)
  9 rats
  A spectral orc (D:3)
  2 bushes (D:1)
151 creatures vanquished.

Vanquished Creatures (others)
  A kobold (D:3)
1 creature vanquished.

Grand Total: 152 creatures vanquished

Notes
Turn   | Place    | Note
-------+----------+-------------------------------------------
     0 | D:1      | stripedtigrrr the Minotaur Berserker began the quest for
                  | the Orb.
     0 | D:1      | Reached XP level 1. HP: 19/19 MP: 0/0
     2 | D:1      | Noticed a halfling
     4 | D:1      | Noticed a vine stalker
     4 | D:1      | Noticed a spriggan
     6 | D:1      | Noticed a tengu
     8 | D:1      | Noticed an ogre
     8 | D:1      | Noticed an elf
    10 | D:1      | Noticed a formicid
    10 | D:1      | Noticed a demigod
    12 | D:1      | Noticed a minotaur
    12 | D:1      | Noticed a naga
    14 | D:1      | Noticed a demonspawn
    14 | D:1      | Noticed a gargoyle
    16 | D:1      | Noticed a vampire
    16 | D:1      | Noticed a ghoul
    18 | D:1      | Noticed a troll
    20 | D:1      | Noticed a draconian
    20 | D:1      | Noticed a dwarf
    22 | D:1      | Noticed a human
    22 | D:1      | Noticed an octopode
    24 | D:1      | Noticed a centaur
    24 | D:1      | Noticed a merfolk
    26 | D:1      | Noticed a felid
   158 | D:1      | Reached skill level 4 in Axes
   222 | D:1      | Reached XP level 2. HP: 27/27 MP: 1/1
  1149 | D:2      | Noticed Sigmund
  1363 | D:2      | Reached XP level 3. HP: 26/33 MP: 2/2
  1386 | D:2      | Reached ** piety under Trog
  1491 | D:2      | Killed Sigmund
  1491 | D:2      | Reached skill level 5 in Fighting
  1491 | D:2      | Reached skill level 5 in Axes
  1491 | D:2      | Reached XP level 4. HP: 42/42 MP: 3/3
  1491 | D:2      | Reached XP level 5. HP: 48/48 MP: 4/4
  1781 | D:2      | Found a shadowy altar of Dithmenos.
  2021 | D:2      | Found a sparkling altar of Nemelex Xobeh.
  2081 | D:2      | Noticed Jessica
  2087 | D:2      | Killed Jessica
  2475 | D:3      | Reached skill level 6 in Axes
  2475 | D:3      | Reached XP level 6. HP: 53/56 MP: 5/5
  2892 | D:3      | Found a basalt altar of Yredelemnul.
  3386 | D:4      | Reached skill level 1 in Shields
  3729 | D:4      | Noticed Grinder
  3892 | D:4      | Reached skill level 7 in Axes
  3942 | D:4      | Killed Grinder
  3942 | D:4      | Reached XP level 7. HP: 52/62 MP: 6/6
  4026 | D:4      | Found a staircase to the Ecumenical Temple.
  4138 | Temple   | Entered the Ecumenical Temple
  4322 | D:4      | You fall into a shaft and drop 2 floors!
  4368 | D:6      | Reached skill level 8 in Axes
  4655 | D:6      | Reached *** piety under Trog
  4655 | D:6      | Reached XP level 8. HP: 71/71 MP: 7/7
  4686 | D:5      | Entered Level 5 of the Dungeon
  4715 | D:5      | Reached skill level 9 in Axes
  5598 | D:5      | Got a twisted hunting sling
  6080 | D:6      | Reached skill level 10 in Axes
  6712 | D:7      | Received a gift from Trog
  6713 | D:7      | Found a shattered altar of Ashenzari.
  6721 | D:7      | Reached XP level 9. HP: 67/79 MP: 8/8
  6966 | D:7      | Found an ancient bone altar of Kikubaaqudgha.
  7076 | D:7      | Slain by an unseen horror

Levels and vault maps discovered:
D:1:      kb_arrival_jail, layout_loops_ring, serial_forest,
          infiniplex_forest_straight_2, infiniplex_forest_lined_room_2,
          infiniplex_forest_corner_1, infiniplex_forest_corner_2,
          infiniplex_forest_straight_3, infiniplex_forest_corner_1,
          infiniplex_forest_lined_2, infiniplex_forest_lined_room_2,
          infiniplex_forest_end_3
D:2:      minmay_roachtagon, layout_loops_ring, lemuel_coloured_pillars_altar,
          serial_glass, glass_columns_b, glass_columns_c, glass_columns_c,
          glass_columns_c, glass_columns_b, glass_columns_b,
          minmay_strange_pillars, item_on_display_a, first_ration,
          nicolae_dithmenos_shadow_blocks, uniq_jessica, uniq_sigmund
D:3:      layout_basic, yredelemnul_forgotten_temple_becter
D:4:      layout_rooms, temple_green, uniq_grinder
D:5:      layout_loops_ring
D:6:      layout_rooms
D:7:      minmay_blocky_corners, layout_basic, old_standard_altar,
          kennysheep_mini
Temple:   regret_index_temple_waves

Skill      XL: |  1  2  3  4  5  6  7  8 |
---------------+-------------------------+-----
Axes           | 4 5 6 7 8 10 | 10.8
Fighting       | 4 5 6 7 |  7.1
Armour         | 3 4 |  4.6
Dodging        | 3 4 |  4.3
Shields        | 1 2 4 |  4.9
Throwing       | |  0.4
Stealth        | |  0.7

Action                   |  1- 3 |  4- 6 |  7- 9 || total
-------------------------+-------+-------+-------++-------
Melee: Hand axe          |   166 |   125 |   295 ||   586
       Headbutt          |    55 |    36 |    74 ||   165
       War axe           |       |       |    42 ||    42
Throw: Throwing net      |       |     1 |       ||     1
       Stone             |       |       |     5 ||     5
Invok: Trog's Hand       |     1 |     4 |     2 ||     7
       Berserk           |     1 |       |       ||     1
  Use: Scroll            |       |     4 |    11 ||    15
       Potion            |       |       |     3 ||     3
 Stab: Sleeping          |       |     3 |       ||     3
  Eat: Chunk             |     2 |     9 |     7 ||    18
       Ration            |       |     1 |     1 ||     2
Armor: Animal skin       |    13 |    18 |       ||    31
       Chain mail        |       |     2 |    58 ||    60
       Plate armour      |       |       |    50 ||    50
Dodge: Dodged            |    25 |    46 |    51 ||   122
Block: Other             |       |     3 |       ||     3
       Shield            |       |    48 |   188 ||   236
       Reflection        |       |     2 |     1 ||     3
